Map: Iron Fortress LE (Void)

Players

Meldo

  • Race: Zerg Zerg

Bop - Winner!

  • Race: Protoss Protoss

VOD

Have the link to the VOD?

Description

Time

  • Played on: May 6, 2015, 7:42 p.m.
  • Length: 15:41
Show
View Real Time Build Order
Export as new Build Order

Meldo Zerg 

Build Orders: Hatch First 

Get SALT Encoding   

  12  0:02  Drone  
  13  0:09  Drone  
  14  0:17  Overlord  
  14  0:25  Extractor  
  14  0:26  Drone  
  15  0:36  Drone x2  
  17  0:56  Hatchery  
  16  0:59  Drone  
  17  1:10  Spawning Pool  
  16  1:14  Drone  
  16  1:17  Drone  
  18  1:21  Extractor  
  18  1:22  Drone  
  18  1:28  Drone  
  19  1:40  Overlord  
  19  1:57  Queen  
  19  1:58  Zergling x2  
  22  2:04  Zergling x2  
  22  2:08  Queen  
  23  2:11  Drone  
  23  2:12  Drone  
  27  2:23  Drone x2  
  29  2:30  Drone  
  29  2:35  Drone  
  29  2:36  Metabolic Boost  
  31  2:42  Drone  
  32  2:46  Drone  
  33  2:52  Drone  
  34  3:02  Drone x2  
  34  3:05  Hatchery  
  35  3:06  Drone  
  35  3:07  Overlord  
  36  3:23  Overlord  
  36  3:25  Queen  
  39  3:27  Drone x6  
  44  3:39  Overlord  
  44  3:44  Zergling x12  
  48  3:49  Drone  
  49  4:00  Spore Crawler  
  49  4:01  Drone  
  49  4:04  Drone x3  
  49  4:05  Overlord  
  51  4:16  Drone x6  
  57  4:18  Drone  
  57  4:21  Evolution Chamber  
  57  4:22  Extractor  
  57  4:23  Evolution Chamber, Drone  
  56  4:26  Extractor  
  56  4:27  Extractor  
  56  4:28  Drone x6  
  60  4:37  Drone x2  
  62  4:43  Drone x4  
  62  4:44  Drone  
  66  4:49  Overlord  
  66  4:50  Overlord  
  66  4:58  Drone x3  
  69  5:01  Zerg Melee Weapons Level 1  
  69  5:08  Spore Crawler  
  69  5:11  Lair  
  69  5:13  Drone x7, Spore Crawler x2  
  73  5:16  Queen  
  73  5:20  Queen  
  77  5:25  Zerg Missile Weapons Level 1  
  77  5:27  Drone x3  
  78  5:49  Roach Warren  
  77  5:51  Spore Crawler  
  77  5:53  Drone x2  
  78  6:03  Drone  
  78  6:04  Drone x4  
  81  6:06  Extractor  
  81  6:07  Overlord x6, Extractor, Queen  
  81  6:32  Queen x2  
  82  6:34  Roach x9  
  82  6:36  Glial Reconstitution  
  102  6:42  Queen  
  104  6:48  Drone x3  
  107  7:09  Hatchery  
  107  7:11  Hydralisk Den  
  107  7:14  Drone x2  
  107  7:15  Drone, Infestation Pit  
  106  7:24  Overseer  
  106  7:36  Zerg Melee Weapons Level 2  
  106  7:37  Zerg Missile Weapons Level 2  
  106  7:42  Pneumatized Carapace  
  106  7:45  Muscular Augments  
  106  7:47  Hatchery  
  105  7:52  Zergling x14  
  105  7:53  Zergling x30  
  127  7:58  Hive  
  127  8:04  Spore Crawler x3  
  124  8:19  Overseer x5  
  124  8:24  Overlord x4  
  124  8:25  Overlord  
  123  8:34  Spire  
  122  8:37  Drone x3  
  122  8:38  Drone x5  
  130  8:41  Burrow  
  130  9:00  Extractor  
  129  9:03  Spore Crawler  
  129  9:05  Extractor  
  129  9:06  Hydralisk x10  
  129  9:07  Hydralisk x2  
  155  9:13  Viper x2  
  155  9:16  Adrenal Glands  
  161  9:28  Hydralisk x3  
  161  9:33  Viper x2  
  161  9:35  Hydralisk x3  
  173  9:49  Zerg Flyer Weapons Level 1, Hydralisk x2  
  173  9:50  Hydralisk x2  
  180  10:06  Zergling x2  
  181  10:08  Overlord x3  
  179  10:19  Zergling x2  
  179  10:20  Zergling x12  
  174  10:27  Zergling x16  
  174  10:28  Zergling x26  
  185  10:35  Viper x3  
  185  10:41  Zerg Melee Weapons Level 3  
  185  10:42  Zerg Missile Weapons Level 3  
  173  11:01  Drone  
  173  11:02  Drone x10  
  182  11:07  Drone x4  
  184  11:20  Nydus Network  
  183  11:27  Viper  
  183  11:28  Drone x3  
  183  11:29  Drone x8  
  197  11:43  Zerg Flyer Weapons Level 2  
  197  11:48  Hatchery  
  196  11:56  Spore Crawler, Spine Crawler  
  196  11:57  Spine Crawler x2  
  185  12:10  Drone x3  
  182  12:28  Nydus Canal  
  181  12:35  Drone  
  181  12:36  Drone x7  
  189  12:38  Viper x2  
  195  12:45  Nydus Canal  
  195  13:31  Drone  
  190  13:47  Overlord x2  
  190  13:48  Overlord x4  
  166  14:12  Spore Crawler, Extractor  
  166  14:13  Spore Crawler, Extractor  
  136  14:22  Hydralisk x9  
  136  14:23  Hydralisk x17  
  173  14:35  Hydralisk x5  
  183  14:43  Hydralisk  
  157  15:01  Hydralisk  
  157  15:02  Hydralisk x8  
  157  15:06  Zergling x2  
  157  15:07  Zergling x20  
Show
View Real Time Build Order
Export as new Build Order

Bop Protoss - Winner!

Build Orders: Nexus First 

Get SALT Encoding   

  12  0:02  Probe  
  13  0:14  Probe  
  14  0:47  Nexus  
  14  0:56  Pylon  
  14  1:14  Probe (Chrono Boost), Gateway  
  15  1:22  Assimilator  
  15  1:24  Probe (Chrono Boost)  
  16  1:31  Probe (Chrono Boost)  
  17  1:43  Probe (Chrono Boost)  
  18  1:48  Pylon  
  18  1:49  Probe (Chrono Boost)  
  19  2:00  Probe (Chrono Boost)  
  21  2:01  Cybernetics Core  
  21  2:04  Probe (Chrono Boost)  
  21  2:12  Probe (Chrono Boost), Zealot  
  25  2:16  Probe (Chrono Boost)  
  25  2:18  Probe (Chrono Boost)  
  26  2:29  Probe (Chrono Boost)  
  28  2:30  Probe (Chrono Boost)  
  28  2:34  Gateway  
  28  2:36  Gateway  
  29  2:37  Probe (Chrono Boost)  
  29  2:39  Warp Gate  
  29  2:43  Adept  
  30  2:45  Probe (Chrono Boost)  
  30  2:49  Probe (Chrono Boost)  
  32  2:55  Probe (Chrono Boost)  
  33  2:59  Assimilator  
  33  3:00  Probe (Chrono Boost)  
  33  3:02  Assimilator  
  33  3:04  Pylon  
  34  3:06  Probe  
  35  3:14  Adept  
  35  3:15  Probe (Chrono Boost)  
  35  3:18  Probe (Chrono Boost)  
  39  3:23  Adept  
  39  3:26  Probe (Chrono Boost)  
  43  3:28  Probe (Chrono Boost)  
  43  3:33  Probe (Chrono Boost)  
  44  3:35  Probe  
  45  3:44  Mothership Core  
  45  3:47  Probe  
  48  3:49  Adept  
  48  3:54  Assimilator  
  50  3:59  Probe  
  51  4:05  Probe  
  51  4:08  Stargate  
  51  4:09  Stargate  
  50  4:11  Probe  
  51  4:18  Probe  
  51  4:19  Forge  
  52  4:28  Pylon  
  52  4:29  Pylon  
  52  4:44  Probe, Pylon  
  51  4:52  Gateway, Oracle x2 (Chrono Boost)  
  51  4:54  Gateway  
  51  4:56  Probe  
  58  5:01  Protoss Shields Level 1, Photon Cannon  
  58  5:08  Probe  
  58  5:11  Stalker  
  61  5:21  Void Ray (Chrono Boost)  
  65  5:25  Void Ray (Chrono Boost)  
  65  5:28  Probe  
  70  5:33  Pylon x2  
  70  5:51  Adept  
  70  5:56  Void Ray  
  72  5:58  Probe x2  
  72  6:03  Void Ray  
  82  6:10  Probe x2  
  84  6:17  Nexus  
  84  6:23  Fleet Beacon  
  84  6:36  Probe (Chrono Boost)  
  84  6:37  Probe (Chrono Boost)  
  84  6:39  Void Ray  
  90  6:45  Pylon  
  90  6:46  Pylon  
  90  6:47  Probe x2 (Chrono Boost)  
  92  6:55  Pylon  
  92  6:57  Pylon  
  92  7:03  Probe, Void Ray (Chrono Boost), Protoss Air Weapons Level 1  
  97  7:12  Carrier (Chrono Boost)  
  97  7:16  Probe x2  
  97  7:19  Photon Cannon  
  97  7:21  Photon Cannon  
  97  7:24  Photon Cannon  
  97  7:25  Photon Cannon  
  97  7:28  Probe x2 (Chrono Boost)  
  106  7:40  Probe x2 (Chrono Boost)  
  106  7:41  Probe (Chrono Boost)  
  106  7:42  Carrier (Chrono Boost)  
  108  7:48  Probe (Chrono Boost)  
  108  7:50  Probe (Chrono Boost)  
  110  7:53  Twilight Council  
  116  8:05  Assimilator x2  
  116  8:07  Probe  
  116  8:08  Pylon  
  116  8:09  Probe  
  116  8:10  Carrier (Chrono Boost)  
  118  8:17  Pylon  
  119  8:20  Probe  
  119  8:21  Probe  
  119  8:22  Gateway  
  119  8:23  Gateway  
  126  8:38  Carrier (Chrono Boost)  
  126  8:44  Photon Cannon  
  126  8:45  Photon Cannon  
  126  8:52  Adept x4  
  139  9:06  Carrier (Chrono Boost)  
  139  9:07  Dark Shrine  
  139  9:26  Protoss Shields Level 2  
  139  9:28  Protoss Air Weapons Level 2 (Chrono Boost)  
  139  9:29  Pylon  
  145  9:36  Nexus  
  145  9:40  Carrier (Chrono Boost)  
  145  9:43  Shield Upgrade  
  145  9:48  Assimilator  
  145  9:49  Photon Cannon  
  145  9:51  Photon Cannon  
  145  9:55  Templar Archives, Assimilator  
  146  10:22  Photon Cannon x2  
  146  10:27  Photon Cannon  
  146  10:28  Dark Templar x2  
  140  10:36  Carrier (Chrono Boost)  
  140  10:40  Robotics Facility  
  140  11:00  Charge  
  146  11:04  High Templar x2  
  146  11:12  Archon  
  146  11:13  Carrier (Chrono Boost)  
  146  11:31  Observer  
  153  11:35  Probe (Chrono Boost)  
  153  11:36  Probe x2 (Chrono Boost)  
  153  11:37  Dark Templar  
  153  11:38  Dark Templar  
  160  11:40  Probe (Chrono Boost)  
  160  11:44  Adept x3  
  160  11:47  Probe x2 (Chrono Boost)  
  164  11:55  Carrier (Chrono Boost)  
  164  12:02  Pylon  
  164  12:07  Pylon  
  164  12:10  Carrier (Chrono Boost)  
  164  12:12  Psionic Storm  
  166  12:22  Pylon  
  166  12:23  Pylon  
  170  12:40  High Templar x6  
  182  12:51  Graviton Catapult (Chrono Boost)  
  179  13:23  Adept x6  
  191  13:50  Photon Cannon  
  191  13:51  Carrier  
  168  14:18  Adept  
  169  14:24  Photon Cannon  
  138  15:18  High Templar x3  
  138  15:19  High Templar x2  
Tags
 
Add a new tag
Caveats
  • Supply blocks, unpowered buildings, or Contaminate may cause inaccurate times.
  • Supply counts are checked every 10 seconds.